 Dungeon Crawl Stone Soup version 0.21.1-1-g345015f (webtiles) character file.

100 Fang the Skirmisher (level 4, -3/43 HPs)
             Began as a Gargoyle Berserker on June 5, 2018.
             Was a Believer of Trog.
             Slain by an orc priest
             ... wielding a +0 trident
              (6 damage)
             ... on level 3 of the Dungeon.
             The game lasted 00:01:49 (2559 turns).

Fang the Skirmisher (Gargoyle Berserker)            Turns: 2559, Time: 00:01:50

Health: -3/43      AC:  5    Str: 27    XL:     4   Next: 73%
Magic:  4/4        EV: 12    Int:  7    God:    Trog [**....]
Gold:   115        SH:  0    Dex:  9    Spells: 3/3 levels left

rFire    . . .     SeeInvis .   a - +0 hand axe
rCold    . . .     Gourm    .   (no shield)
rNeg     + . .     Faith    .   b - +0 animal skin
rPois    ∞         Spirit   .   (no helmet)
rElec    +         Reflect  .   (no cloak)
rCorr    .         Harm     .   (no gloves)
MR       .....                  (no boots)
Stlth    ..........             (no amulet)
HPRegen  0.14/turn              (no ring)
MPRegen  0.09/turn              (no ring)

@: berserking (expiring), very quick
A: negative energy resistance 1, electricity resistance, unbreathing,
petrification resistance, rot immunity, AC +3
a: Berserk, Trog's Hand, Burn Spellbooks, Renounce Religion


You were on level 3 of the Dungeon.
You worshipped Trog.
Trog was pleased with you.
You were very hungry.

You visited 1 branch of the dungeon, and saw 3 of its levels.

You collected 115 gold pieces.

Inventory:

Hand Weapons
 a - a +0 hand axe (weapon)
Armour
 b - a +0 animal skin (worn)
Wands
 j - a wand of paralysis (8)
Scrolls
 d - 2 scrolls of identify {unknown}
 e - 2 scrolls of remove curse {unknown}
 k - a scroll of immolation {unknown}
Potions
 f - 2 potions of brilliance {unknown}
 g - 2 potions of agility {unknown}
 h - 2 potions of curing {unknown}
 i - a potion of invisibility {unknown}
 l - a potion of flight {unknown}
Comestibles
 c - 7 rations


   Skills:
 + Level 4.0 Fighting
 + Level 3.8 Axes
 + Level 2.4 Armour
 + Level 2.1 Dodging
 + Level 0.5 Stealth


You had 3 spell levels left.
You didn't know any spells.

Dungeon Overview and Level Annotations

Branches:
Dungeon (3/15)

Altars:


Innate Abilities, Weirdness & Mutations

You are resistant to torment.
Your stone body is resilient. (AC +3)
You are immune to poison.
You resist negative energy. (rN+)
You are resistant to electric shocks. (rElec)
You can survive without breathing.
You are immune to petrification.
You are immune to rotting.


Message History

Unknown command.
You barely miss the orc priest.
Unknown command.
You slash the orc priest!
The orc priest is almost dead.
The orc priest invokes the aid of Beogh against you.
Beogh smites you!
* * * LOW HITPOINT WARNING * * *
Unknown command.
You barely miss the orc priest.
The orc priest is almost dead.
The orc priest closely misses you.
Unknown command.
You barely miss the orc priest.
The orc priest is almost dead.
Unknown command.
You barely miss the orc priest.
The orc priest is almost dead.
The orc priest hits you with a trident.
You die... ≈PP. ≈≈PP #........# ♣♣≈≈ #........# ♣ #...>.... ♣ ≈.## .......
P♣♣≈PP# .....
PPP♣P.## ro.
PPP≈♣PP#

#o# ...≈≈P≈## #@#
#.PP≈≈≈.# #†#
#..P≈♣P≈########.#
...PP≈PPP.....##.######.
##.≈≈≈PP≈####.##........
#+..P(≈≈≈#......#######.
##...P≈.≈#.##.#<.......
###'##.....##.#.#####.#
# #.######.##.#.#


You could see an orc priest, an orc and a rat.

Vanquished Creatures
  4 adders
  An ooze (D:1)
  A worm (D:2)
  A dart slug (D:3)
  2 leopard geckos
  2 orcs (D:3)
  A giant cockroach (D:1)
  5 hobgoblins
  4 jackals (D:1)
  6 bats
  5 frilled lizards
  9 goblins
  6 kobolds
  7 rats
54 creatures vanquished.

Notes
Turn   | Place    | Note
-------+----------+-------------------------------------------
     0 | D:1      | Fang the Gargoyle Berserker began the quest for the Orb.
     0 | D:1      | Reached XP level 1. HP: 14/14 MP: 1/1
    78 | D:1      | Reached XP level 2. HP: 17/19 MP: 2/2
   182 | D:1      | Reached XP level 3. HP: 6/24 MP: 3/3
  1079 | D:2      | Reached ** piety under Trog
  1345 | D:2      | Reached XP level 4. HP: 29/29 MP: 4/4
  1602 | D:2      | Reached skill level 4 in Fighting
  2559 | D:3      | Slain by an orc priest

Skill      XL: |  1  2  3  4 |
---------------+-------------+-----
Axes           | 3 |  3.8
Fighting       | 4 |  4.0
Dodging        | 2 |  2.1
Armour         | |  2.4
Stealth        | |  0.5

Action                   |  1- 3 |  4- 6 || total
-------------------------+-------+-------++-------
Melee: Hand axe          |   114 |    76 ||   190
Invok: Berserk           |       |     1 ||     1
 Stab: Sleeping          |     2 |       ||     2
  Eat: Chunk             |     1 |     4 ||     5
Armor: Animal skin       |    41 |    17 ||    58
Dodge: Dodged            |    94 |    40 ||   134
